AoeStats
← [TM] Goblin Wizard Bolton

Black Forest

508495190Analyzed
4v4 RM · 9d ago on Sep 22, 2026· 71m 2s· 8 players
Game mode
Random Map
Map size
Large (8 player)
Population
200
Speed
Normal
Resources
Standard
Victory
Conquest
Starting age
Dark Age
Ending age
Imperial Age
RankedLock teamsTeams togetherTeam positionsShared explorationLock speedFull tech treeHidden civsTurbo modeCheats
Victory
Defeat
🇨🇦 Varangians · Canada
1438
+17
🇳🇱 Poles · Netherlands
1437
+17
🇭🇰 Danes · Hong Kong SAR China
1424
+18
🇨🇦 Chinese · Canada
1408
+18
🇦🇷 Cumans · Argentina
1529
-21
🇦🇷 Varangians · Argentina
1504
-19
🇩🇪 Saxons · Germany
1454
-17
🇩🇪 Goths · Germany
1358
-13
Im2Good4YoMoma
2:31 Loom
11:37 Feudal Age
15:11 Castle Age
14:05 Double-Bit Axe
14:30 Horse Collar
17:34 Bow Saw
18:37 Wheelbarrow
22:57 Gold Mining
24:40 Hand Cart
29:13 Imperial Age
26:54 Town Watch
28:01 Forging
27:57 Scale Barding Armor
29:17 Iron Casting
29:49 Chain Barding Armor
29:45 Bloodlines
29:37 Husbandry
29:46 Treadmill Crane
29:47 Cavalier
30:30 Stone Mining
30:43 Heavy Plow
30:18 Vendel Legacy
31:23 Conscription
33:00 Blast Furnace
32:36 Plate Barding Armor
33:30 Fletching
35:49 Ballistics
35:32 Bodkin Arrow
37:24 Bracer
40:51 Chemistry
39:20 Light Cavalry
40:07 Caravan
40:05 Hussar
44:26 Scale Mail Armor
44:05 Man-at-Arms
44:07 Elite Varangian Guard
44:50 Squires
44:36 Arson
44:40 Gambesons
46:33 Chain Mail Armor
51:06 Pikeman
52:27 Plate Mail Armor
58:13 Crop Rotation
57:06 Capped Ram
65:56 Halberdier
LiBi
10:20 Feudal Age
11:52 Double-Bit Axe
14:36 Castle Age
13:10 Horse Collar
16:01 Bow Saw
16:38 Heavy Plow
20:45 Wheelbarrow
23:37 Gold Mining
28:05 Imperial Age
26:35 Gold Shaft Mining
25:50 Stone Mining
26:13 Scale Mail Armor
26:24 Forging
26:22 Loom
27:34 Chain Mail Armor
27:01 Pikeman
27:41 Squires
27:27 Arson
27:27 Gambesons
28:20 Hand Cart
29:20 Iron Casting
28:30 Halberdier
30:15 Plate Mail Armor
29:46 Onager
32:34 Chemistry
31:54 Siege Engineers
34:11 Blast Furnace
33:02 Fletching
33:49 Conscription
33:02 Northmen's Fury
34:31 Coinage
34:01 Caravan
33:34 Elite Varangian Guard
33:38 Hamask
36:17 Ballistics
36:08 Masonry
36:52 Siege Onager
37:56 Bodkin Arrow
40:43 Banking
42:37 Capped Ram
43:57 Siege Ram
50:46 Town Watch
69:35 Hoardings
[TM] Goblin Wizard Bolton
0:45 Loom
11:29 Feudal Age
12:32 Horse Collar
16:21 Castle Age
16:09 Scale Mail Armor
16:19 Forging
16:03 Double-Bit Axe
16:16 Gold Mining
16:53 Man-at-Arms
20:47 Wheelbarrow
20:26 Heavy Plow
22:06 Long Swordsman
22:47 Squires
23:35 Stone Mining
28:42 Imperial Age
26:30 Hand Cart
26:01 Town Watch
27:21 Bow Saw
27:54 Chain Mail Armor
28:37 Iron Casting
28:52 Capped Ram
29:01 Two-Handed Swordsman
30:23 Plate Mail Armor
30:01 Siege Ram
32:22 Blast Furnace
32:10 Pikeman
32:46 Champion
46:10 Fletching
49:41 Light Cavalry
50:32 Bloodlines
50:22 Husbandry
50:30 Scale Barding Armor
52:15 Chain Barding Armor
58:53 Caravan
66:24 Onager
Mr.stealyoBoar
0:33 Loom
11:42 Feudal Age
15:17 Castle Age
13:24 Fletching
13:34 Double-Bit Axe
13:33 Horse Collar
16:20 Bodkin Arrow
27:42 Bow Saw
30:56 Ballistics
33:08 Imperial Age
31:49 Padded Archer Armor
32:57 Leather Archer Armor
35:26 Chemistry
35:07 Bracer
36:33 Ring Archer Armor
39:19 Elite Chu Ko Nu
49:56 Caravan
64:26 Coinage
66:09 Banking
AncientKing
0:28 Loom
11:29 Feudal Age
12:51 Double-Bit Axe
15:52 Castle Age
14:05 Horse Collar
14:49 Town Watch
17:30 Fortified Wall
18:58 Bow Saw
22:40 Stone Mining
24:51 Wheelbarrow
26:15 Gold Mining
29:53 Gold Shaft Mining
34:28 Imperial Age
32:49 Hand Cart
32:36 Squires
32:39 Scale Mail Armor
32:49 Forging
34:02 Chain Mail Armor
33:52 Treadmill Crane
34:20 Fletching
35:01 Chain Mail Armor
34:43 Elite Hearth Troop
35:50 Conscription
36:08 Iron Casting
35:30 Bodkin Arrow
36:22 Plate Mail Armor
36:03 Masonry
36:21 Bracer
37:19 Hoardings
36:22 Shield Wall
37:06 Padded Archer Armor
38:01 Architecture
40:44 Ballistics
41:45 Elite Varangian Guard
43:41 Caravan
45:34 Two-Man Saw
44:06 Pikeman
49:45 Leather Archer Armor
50:32 Chemistry
49:59 Heavy Plow
49:47 Elite Skirmisher
50:33 Thumb Ring
51:14 Ring Archer Armor
50:50 Halberdier
57:08 Crop Rotation
60:25 Heavy Mounted Crossbowman
lisandropastore
5:37 Loom
9:09 Feudal Age
10:47 Double-Bit Axe
11:58 Horse Collar
13:30 Wheelbarrow
12:47 Town Watch
20:58 Castle Age
19:11 Gold Mining
26:17 Imperial Age
23:42 Stone Mining
24:11 Hand Cart
24:48 Bloodlines
25:12 Bow Saw
25:12 Heavy Plow
26:40 Elite Steppe Lancer
27:59 Scale Barding Armor
28:06 Forging
28:47 Conscription
30:44 Two-Man Saw
31:12 Chain Barding Armor
31:35 Iron Casting
33:25 Gold Shaft Mining
35:13 Plate Barding Armor
35:38 Blast Furnace
37:12 Elite Kipchak
38:23 Parthian Tactics
38:19 Thumb Ring
39:44 Ballistics
40:25 Chemistry
39:21 Fletching
39:31 Padded Archer Armor
39:28 Light Cavalry
40:57 Leather Archer Armor
40:38 Bodkin Arrow
40:47 Hussar
41:58 Steppe Husbandry
jAvi
10:46 Feudal Age
14:36 Castle Age
12:36 Double-Bit Axe
16:20 Bow Saw
21:13 Wheelbarrow
21:07 Horse Collar
22:57 Hand Cart
23:02 Heavy Plow
26:38 Loom
29:43 Imperial Age
27:29 Scale Barding Armor
27:37 Bloodlines
28:31 Chain Barding Armor
28:22 Forging
28:17 Husbandry
28:39 Gold Mining
28:54 Treadmill Crane
30:41 Iron Casting
29:39 Vendel Legacy
31:55 Two-Man Saw
31:28 Crop Rotation
30:21 Light Cavalry
30:22 Cavalier
31:59 Plate Barding Armor
32:28 Conscription
33:54 Hussar
36:18 Blast Furnace
42:09 Caravan
55:20 Fletching
55:59 Ballistics
56:39 Chemistry
57:16 Bodkin Arrow
59:02 Bracer
60:55 Coinage
64:52 Onager
Agen
1:16 Loom
11:45 Feudal Age
15:46 Castle Age
13:45 Double-Bit Axe
14:45 Horse Collar
16:50 Bow Saw
26:56 Wheelbarrow
27:48 Loom
31:25 Imperial Age
28:58 Scale Mail Armor
29:08 Forging
29:36 Anarchy
29:44 Heavy Plow
30:13 Chain Mail Armor
30:16 Squires
31:06 Iron Casting
31:09 Pikeman
32:22 Fletching
32:19 Halberdier
34:17 Blast Furnace
33:46 Conscription
34:18 Perfusion
36:05 Elite Huskarl
37:11 Bodkin Arrow
38:45 Chemistry
40:10 Man-at-Arms
41:25 Padded Archer Armor
46:17 Gold Mining
46:17 Stone Mining
57:05 Hand Cart
58:53 Crop Rotation
64:27 Leather Archer Armor
64:13 Bracer
Connection lost

Rejoining the realm…

Still unreachable

The connection could not be restored.

Session expired

The server has moved on; the page needs a fresh start.